 Dungeon Crawl Stone Soup version 0.29-a0-925-g0a7a3d12f8 (webtiles) character file.

Game seed: 13356558933319389146

69577 ICEMaiden the Nimble (level 14, 0/87 HPs)
             Began as a Deep Elf Conjurer on July 16, 2022.
             Was a High Priest of Vehumet.
             Slain by a broodmother (32 damage)
             ... on level 2 of the Spider Nest on July 28, 2022.
             The game lasted 02:44:51 (31693 turns).

ICEMaiden the Nimble (Deep Elf Conjurer)           Turns: 31693, Time: 02:44:52

Health: 0/87       AC: 16    Str:  5    XL:     14   Next: 90%
Magic:  2/30       EV: 20    Int: 28    God:    Vehumet [*****.]
Gold:   1185       SH:  0    Dex: 17    Spells: 0/34 levels left

rFire   . . .      SeeInvis .   b - +8 quarterstaff "Xainusme" {freeze, *Noise Will+ Int+2}
rCold   . . .      Faith    .   (shield currently unavailable)
rNeg    . . .      Spirit   .   J - +0 steam dragon scales
rPois   +          Reflect  .   Y - +0 helmet
rElec   .          Harm     .   w - +3 cloak of Imeidel {Fly rCorr}
rCorr   +          Rampage  .   z - +2 pair of gloves
Will    ++...                   G - +1 pair of boots {Stlth+}
Stlth   +++++.....              (no amulet)
HPRegen 0.24/turn               C - ring of poison resistance
MPRegen 0.22/turn               H - ring of wizardry

@: flying, studying Dodging
A: agile 1
a: Renounce Religion


You were on level 2 of the Spider Nest.
You worshipped Vehumet.
Vehumet was extremely pleased with you.
You visited 5 branches of the dungeon, and saw 21 of its levels.
You also visited: Gauntlet.

You collected 1185 gold pieces.

Inventory:

Hand Weapons
 a - the +3 spear of the Tent {chaos, *Rage rF+ rC+ SInv}
   (You found it on level 11 of the Dungeon)

   Each time it hits an enemy it has a different, random effect.
   rF:        It protects you from fire.
   rC:        It protects you from cold.
   SInv:      It lets you see invisible.
   *Rage:     It berserks you when you make melee attacks (+20% chance).
 b - the +8 quarterstaff "Xainusme" (weapon) {freeze, *Noise Will+ Int+2}
   (You found it on level 10 of the Dungeon)

   It freezes those it strikes, dealing additional cold damage.
   It can also slow down cold-blooded creatures.
   Int:       It affects your intelligence (+2).
   *Noise:    It may make noises in combat.
   Will:      It increases your willpower.
Armour
 u - an orb of guile
 w - the +3 cloak of Imeidel (worn) {Fly rCorr}
   (You found it in a Gauntlet)

   Fly:       It grants you flight.
   rCorr:     It protects you from acid and corrosion.
 z - a +2 pair of gloves (worn)
 G - a +1 pair of boots of stealth (worn)
 J - +0 steam dragon scales (worn)
 Q - a +2 robe of willpower
 S - a +1 ring mail of cold resistance
 X - an orb of light
 Y - a +0 helmet (worn)
Magical Staves
 c - a staff of air
 d - a staff of cold
Jewellery
 e - a ring of willpower
 k - a ring of resist corrosion
 C - a ring of poison resistance (left hand)
 F - a ring of positive energy
 H - a ring of wizardry (right hand)
 O - a ring of wizardry
Wands
 E - a wand of charming (20)
 V - a wand of flame (9)
Scrolls
 i - 3 scrolls of vulnerability {unknown}
 l - 4 scrolls of teleportation
 m - 3 scrolls of fog
 p - 2 scrolls of silence {unknown}
 r - 2 scrolls of torment
 y - a scroll of immolation {unknown}
 A - a scroll of fear
 B - 2 scrolls of magic mapping
 D - 2 scrolls of brand weapon
 K - a scroll of acquirement {unknown}
 M - 3 scrolls of amnesia
 P - 3 scrolls of poison {unknown}
 R - 3 scrolls of noise {unknown}
Potions
 h - 6 potions of curing
 j - 2 potions of lignification
 n - a potion of cancellation {unknown}
 o - 5 potions of might
 q - 3 potions of berserk rage
 v - 2 potions of ambrosia
 x - 6 potions of mutation
 I - 2 potions of brilliance
 L - a potion of resistance
 N - a potion of magic
 U - 2 potions of invisibility
 W - a potion of flight {unknown}
Miscellaneous
 Z - a phantom mirror


   Skills:
 * Level 9.8 Fighting
 - Level 4.7 Armour
 * Level 13.8 Dodging
 - Level 8.0 Stealth
 - Level 1.0 Shields
 + Level 10.9 Spellcasting
 * Level 11.6 Conjurations
 + Level 5.6 Hexes
 + Level 2.9 Summonings
 - Level 5.0 Translocations
 - Level 5.0 Fire Magic
 + Level 5.3 Ice Magic
 * Level 8.9 Air Magic
 + Level 4.3 Earth Magic
 + Level 7.7 Poison Magic
 + Level 4.3 Evocations


You couldn't memorise any spells.
You knew the following spells:

 Your Spells              Type           Power      Damage    Failure   Level
a - Airstrike             Air            30%        0-10+     1%          4
b - Searing Ray           Conj           100%       2d8       1%          2
c - Freezing Cloud        Conj/Ice/Air   29%        6-21      1%          5
d - Poisonous Vapours     Pois/Air       100%       N/A       1%          2
e - Iron Shot             Conj/Erth      28%        9d6       2%          6
f - Iskenderun's Mystic   Conj/Tloc      58%        2d12      1%          4
q - Summon Lightning Spi  Summ/Air       48%        N/A       1%          4
v - Olgreb's Toxic Radia  Pois           56%        N/A       1%          4
x - Conjure Flame         Conj/Fire      58%        6-21      1%          3

Your spell library contained the following spells:

 Spells                   Type           Power      Damage    Failure   Level
 Starburst                Conj/Fire      29%        6d9       2%          6
 Foxfire                  Conj/Fire      100%       2x1d9     1%          1
 Magic Dart               Conj           100%       1d8       1%          1
 Sandblast                Erth           78%        2d17      1%          1
 Slow                     Hex            100%       N/A       1%          1
 Passwall                 Tmut/Erth      22%        N/A       1%          2
 Confusing Touch          Hex            46%        N/A       1%          3
 Dazzling Flash           Conj/Hex       100%       N/A       1%          3
 Inner Flame              Hex/Fire       45%        N/A       1%          3
 Ozocubu's Armour         Ice            45%        N/A       1%          3
 Stone Arrow              Conj/Erth      100%       3d13      1%          3
 Corpse Rot               Necr/Pois/Air  46%        N/A       1%          4
 Flame Wave               Conj/Fire      58%        2d14      1%          4
 Fulminant Prism          Conj/Hex       29%        3d14      1%          4
 Lightning Bolt           Conj/Air       32%        1d49      1%          5
 Animate Armour           Summ/Erth      70%        N/A       3%          4
 Vampiric Draining        Necr           15%        2d7       4%          3
 Metabolic Englaciation   Hex/Ice        23%        N/A       4%          5
 Summon Mana Viper        Hex/Summ       39%        N/A       7%          5
 Summon Forest            Summ/Tloc      18%        N/A       9%          5
 Summon Cactus Giant      Summ           15%        N/A       52%         6
 Simulacrum               Ice/Necr       15%        N/A       56%         6
 Chain Lightning          Conj/Air       32%        3d42      98%         9
 Fire Storm               Conj/Fire      29%        8d7       100%        9
 Shatter                  Erth           19%        3d18*     100%        9


Dungeon Overview and Level Annotations

Branches:
Dungeon (11/15)            Temple (1/1) D:5            Lair (6/6) D:11
  Swamp (0/4) Lair:3       Spider (2/4) Lair:3        Slime (0/5) Lair:5
    Orc (1/2) D:9         Gauntlet (visited)

Altars:
Ashenzari
Cheibriados
Dithmenos
Elyvilon
Fedhas
Gozag
Hepliaklqana
Kikubaaqudgha
Makhleb
Nemelex Xobeh
Okawaru
Qazlal
Ru
Sif Muna
Trog
Uskayaw
Vehumet
Wu Jian
Xom
Yredelemnul
Zin
The Shining One
Jiyva

Shops:
D:10 *

Annotations:
Spider:1 3 runed translucent doors, bchevrier's ghost, journeyman GnWn


Innate Abilities, Weirdness & Mutations

You are agile. (Dex +4, Str/Int -1)


Message History

Aim: a broodmother (severely wounded, not watching you, ally target, chance to affect: 26%)
Okay, then.
Okay, then.
Press: ? - help, v - describe, . - travel, g - get item
Here: a broodmother (severely wounded, not watching you, ally target) Item here: a radroach corpse.
The floor, spattered with blood.
Okay, then.
You feel clever.
The +8 quarterstaff "Xainusme" {freeze, *Noise Will+ Int+2} glows with a cold blue light!
b - the +8 quarterstaff "Xainusme" (weapon)
{freeze, *Noise Will+ Int+2} The broodmother bites your lightning spire!
Casting: Iron Shot (dangerous; 2% risk of failure)
Confirm with . or Enter, or press ? or * to list all spells.
Aiming: Poisonous Vapours (safe; 1% risk of failure)
Press: ? - help, Dir - move target, f/p - broodmother
Aim: a broodmother (severely wounded, not watching you, ally target)
Okay, then.
You hit the broodmother. You freeze the broodmother.
The broodmother is severely wounded.
The redback is engulfed in freezing vapours.
The broodmother bites you!
A spider bursts forth from the wound!
The redback is engulfed in freezing vapours.
Unknown command.
Aiming: Iceblast
Press: ? - help, Shift-Dir - straight line, f - wolf spider, p - broodmother
Aim: a wolf spider (summoned) That beam is likely to hit you.
Continue anyway?
The mass of ice explodes!
The iceblast engulfs the wolf spider!
The wolf spider is moderately wounded.
The iceblast engulfs you!
The iceblast engulfs the redback!!
You kill the redback!
Vehumet accepts your kill.
The iceblast engulfs the broodmother!
The broodmother is almost dead.
The now-empty wand crumbles to dust.
You hear a skittering sound.
You hear a shout!
You hear a faint skittering sound.
The broodmother bites you!!
You die...

# .^ # ####
...
#..##@^###..#
....
#...8ss.....#
....
#....§§##....
....
#...§§§§^ ...
#...
#....§§§§.. .
####
#....#.......
# #^...
#####.. ^^
#.... ^ ##.
#..#. ##


You could see a broodmother (ally target), a wolf spider (summoned) and a
friendly lightning spire (summoned).

Vanquished Creatures
  Rupert (Spider:1)
  A cacodemon (Gauntlet)
  A ghost moth (Spider:1)
  A broodmother (Spider:1)
  An entropy weaver (Spider:1)
  A spark wasp (Spider:1)
  A boulder beetle (Lair:3)
  4 hydras
  A centaur warrior (D:9)
  A catoblepas (Lair:2)
  A radroach (Spider:2)
  2 two-headed ogres (D:11)
  3 death yaks (Lair:6)
  Amaemon (Lair:2)
  A sun moth (Spider:2)
  3 orb spiders
  A pharaoh ant (Spider:1)
  A steelbarb worm (Spider:1)
  2 lindwurms
  6 wolf spiders
  A wizard (Gauntlet)
  3 moths of wrath
  25 elephants
  A worldbinder (Gauntlet)
  A rust devil (D:11)
  3 torpor snails
  4 black mambas
  2 orange demons
  4 cane toads
  2 rime drakes
  2 demonic crawlers (Spider:1)
  7 komodo dragons
  An unseen horror (D:10)
  A hellwing (D:10)
  A red devil (D:11)
  9 tarantellas
  3 hornets
  18 blink frogs
  16 dream sheep
  2 slime creatures
  Sigmund (D:2)
  4 jumping spiders
  55 yaks
  12 culicivoras
  5 wyverns
  3 basilisks
  3 fire bats
  A steam dragon (D:8)
  2 neqoxecs
  21 redbacks
  11 water moccasins
  8 orc warriors
  A swamp drake (Lair:3)
  2 black bears
  A sky beast (D:7)
  3 ice beasts
  An ogre (D:4)
  3 boggarts (Gauntlet)
  A centaur (D:9)
  12 wolves
  5 kobold brigands
  Blork the orc (D:5)
  3 gnoll sergeants
  A scorpion (D:6)
  5 bullfrogs
  4 wights (D:10)
  12 killer bees
  3 howler monkeys
  2 electric eels
  A lava snake (Lair:2)
  A gnoll bouda (D:4)
  4 orc priests
  5 hounds
  5 jellies
  4 iguanas
  7 orc wizards
  6 adders
  20 gnolls
  A shadow imp (D:7)
  A white imp (D:7)
  An ufetubus (D:5)
  A worm (D:2)
  3 dart slugs
  36 orcs
  4 endoplasms
  A giant cockroach (D:3)
  9 goblins
  3 hobgoblins
  6 jackals
  7 quokkas
  5 ball pythons
  3 bats
  7 frilled lizards
  23 kobolds
  4 rats
494 creatures vanquished.

Vanquished Creatures (collateral kills)
  A jorogumo (Spider:2)
  A steelbarb worm (Spider:2)
  A shadow imp (Gauntlet)
3 creatures vanquished.

Vanquished Creatures (others)
  18 demonic plants
  40 fungi
  43 plants
  5 withered plants
106 creatures vanquished.

Grand Total: 603 creatures vanquished

Notes
Turn   | Place    | Note
-------+----------+-------------------------------------------
     0 | D:1      | ICEMaiden the Deep Elf Conjurer began the quest for the
                  | Orb.
     0 | D:1      | Reached XP level 1. HP: 10/10 MP: 6/6
   264 | D:1      | Reached XP level 2. HP: 16/16 MP: 6/8
   357 | D:1      | Found a faded altar of an unknown god.
   573 | D:1      | Reached skill level 1 in Fighting
   863 | D:2      | Reached XP level 3. HP: 20/20 MP: 5/9
   914 | D:2      | Noticed Sigmund
  1103 | D:2      | Reached skill level 3 in Dodging
  1535 | D:3      | Learned a level 2 spell: Searing Ray
  1654 | D:3      | Reached XP level 4. HP: 25/25 MP: 7/11
  2250 | D:3      | Found a shimmering blue altar of Sif Muna.
  2250 | D:3      | Found a radiant altar of Vehumet.
  2258 | D:3      | Became a worshipper of Vehumet
  2476 | D:2      | Identified the +4 gold dragon scales of Dyspraxia {rPois
                  | rF+ rC+ rN+ Str+3}
  2661 | D:4      | Reached skill level 1 in Hexes
  2771 | D:4      | Reached XP level 5. HP: 16/30 MP: 6/12
  3020 | D:4      | Found a hazy altar of Hepliaklqana.
  3223 | D:4      | Reached skill level 5 in Conjurations
  3513 | D:4      | Reached XP level 6. HP: 22/36 MP: 3/14
  3534 | D:4      | Reached * piety under Vehumet
  3534 | D:4      | Offered knowledge of Sandblast by Vehumet.
  3876 | D:5      | Entered Level 5 of the Dungeon
  3880 | D:5      | Reached skill level 4 in Dodging
  4010 | D:5      | Noticed an ice beast
  4142 | D:5      | Found a bloodstained altar of Trog.
  4250 | D:5      | Found a staircase to the Ecumenical Temple.
  4278 | D:5      | Reached XP level 7. HP: 22/41 MP: 5/16
  4640 | D:5      | Noticed Blork the orc
  4698 | Temple   | Entered the Ecumenical Temple
  4698 | Temple   | Found a transporter.
  4698 | Temple   | Found a transporter.
  4700 | Temple   | Found a transporter.
  4700 | Temple   | Found a transporter.
  4913 | D:6      | Reached skill level 5 in Spellcasting
  4920 | D:6      | Reached skill level 5 in Stealth
  5495 | D:2      | Offered knowledge of Poisonous Vapours by Vehumet.
  5500 | D:2      | Learned a level 2 spell: Poisonous Vapours
  5500 | D:2      | Reached ** piety under Vehumet
  5949 | D:6      | Reached XP level 8. HP: 36/48 MP: 8/18
  6314 | D:6      | Reached skill level 5 in Dodging
  6519 | D:6      | Found an ancient bone altar of Kikubaaqudgha.
  6637 | D:6      | Found a glowing silver altar of Zin.
  6637 | D:6      | Found an opulent altar of Gozag.
  6893 | D:5      | Killed Blork the orc
  6894 | D:5      | Reached skill level 1 in Poison Magic
  7129 | D:7      | Reached skill level 1 in Air Magic
  7323 | D:7      | Found an iron altar of Okawaru.
  7428 | D:7      | Offered knowledge of Static Discharge by Vehumet.
  7997 | D:7      | Reached skill level 6 in Dodging
  8665 | D:8      | Reached *** piety under Vehumet
  8666 | D:8      | Reached skill level 5 in Fighting
  8666 | D:8      | Reached skill level 5 in Hexes
  8666 | D:8      | Reached XP level 9. HP: 31/54 MP: 11/20
  9190 | D:8      | Learned a level 4 spell: Iskenderun's Mystic Blast
  9207 | D:8      | Reached skill level 1 in Armour
  9475 | D:8      | Reached skill level 1 in Translocations
  9523 | D:8      | Reached skill level 7 in Dodging
 10179 | D:8      | Reached XP level 10. HP: 60/60 MP: 13/22
 10381 | D:9      | Found a staircase to the Orcish Mines.
 10620 | D:9      | Found a glowing golden altar of the Shining One.
 10819 | D:9      | Reached skill level 8 in Dodging
 11068 | D:9      | Offered knowledge of Conjure Flame by Vehumet.
 11073 | D:9      | Learned a level 3 spell: Conjure Flame
 11687 | D:9      | Reached **** piety under Vehumet
 11826 | D:9      | Found a shimmering altar of Xom.
 11850 | D:9      | Noticed a centaur warrior
 12074 | D:10     | Entered Level 10 of the Dungeon
 12074 | D:10     | Found Soadoil's General Store.
 12083 | D:10     | Reached skill level 9 in Dodging
 12222 | D:9      | HP: 2/61 [centaur warrior/arrow (20)]
 12231 | D:9      | Killed a centaur warrior
 12232 | D:9      | Reached XP level 11. HP: 23/66 MP: 1/25
 12571 | D:10     | Identified the +8 quarterstaff "Xainusme" {freeze, *Noise
                  | Will+ Int+2}
 13157 | D:10     | Found a stormy altar of Qazlal.
 13213 | D:10     | Offered knowledge of Olgreb's Toxic Radiance by Vehumet.
 13222 | D:10     | Learned a level 4 spell: Olgreb's Toxic Radiance
 13461 | D:10     | Found a basalt altar of Yredelemnul.
 13465 | D:10     | Found a blossoming altar of Fedhas.
 13613 | D:10     | Found a sparkling altar of Nemelex Xobeh.
 13875 | D:10     | Found a white marble altar of Elyvilon.
 13953 | D:11     | Reached skill level 5 in Poison Magic
 14575 | D:11     | Noticed a soul eater
 14847 | D:10     | Upgraded the game from 0.29-a0-857-g9b1aa3ac5b to
                  | 0.29-a0-872-g797fff5ad1
 15198 | D:2      | Killed Sigmund
 15670 | D:11     | Identified the +3 spear of the Tent {chaos, *Rage rF+ rC+
                  | SInv}
 15704 | D:11     | Reached skill level 1 in Shields
 15723 | D:11     | Noticed a two-headed ogre
 15953 | Orc:1    | Entered Level 1 of the Orcish Mines
 16133 | D:11     | Gained mutation: You are agile. (Dex +4, Str/Int -1) [a
                  | neqoxec]
 16364 | D:11     | Noticed a two-headed ogre
 16379 | D:11     | Killed a two-headed ogre
 16557 | D:11     | Reached skill level 10 in Dodging
 16557 | D:11     | Reached skill level 1 in Fire Magic
 16739 | D:11     | Reached skill level 5 in Air Magic
 16901 | D:11     | Killed a two-headed ogre
 17025 | D:11     | Found a staircase to the Lair.
 17626 | Lair:1   | Entered Level 1 of the Lair of Beasts
 18088 | Lair:1   | Got the Almanac of Metallic Conjuring
 18106 | Lair:1   | Learned a level 5 spell: Freezing Cloud
 18492 | Lair:1   | Reached XP level 12. HP: 73/73 MP: 11/27
 18496 | Lair:1   | Reached skill level 5 in Translocations
 18496 | Lair:1   | Reached skill level 1 in Ice Magic
 18687 | Lair:1   | Found the +18 Lear's hauberk
 19984 | Lair:2   | Noticed a catoblepas
 20022 | Lair:2   | Killed a catoblepas
 20499 | Lair:2   | Noticed Amaemon
 20529 | Lair:2   | Killed Amaemon
 21065 | Lair:3   | Noticed a boulder beetle
 21097 | Lair:3   | Found a hole to the Spider Nest.
 21505 | Lair:3   | Reached skill level 11 in Dodging
 21553 | Lair:3   | Killed a boulder beetle
 21808 | Lair:3   | Reached ***** piety under Vehumet
 22028 | Lair:3   | Offered knowledge of Iron Shot by Vehumet.
 22119 | Lair:3   | Learned a level 6 spell: Iron Shot
 22131 | Lair:3   | Found a staircase to the Swamp.
 22712 | Lair:4   | Reached XP level 13. HP: 63/79 MP: 8/28
 22725 | Lair:4   | Reached skill level 1 in Earth Magic
 22726 | Lair:4   | Reached skill level 1 in Evocations
 23383 | Lair:4   | Reached skill level 10 in Conjurations
 23615 | Lair:5   | Found a staircase to the Slime Pits.
 23615 | Lair:5   | Found a viscous altar of Jiyva.
 24687 | Lair:5   | Reached skill level 10 in Spellcasting
 25807 | Lair:6   | Entered Level 6 of the Lair of Beasts
 25918 | Lair:6   | Reached skill level 12 in Dodging
 25920 | Lair:6   | Found a gate leading to a gauntlet.
 25981 | Lair:6   | Reached skill level 5 in Fire Magic
 26079 | Gauntlet | Entered a Gauntlet
 26079 | Gauntlet | Found a transporter.
 26079 | Gauntlet | Found a transporter.
 26079 | Gauntlet | Found a transporter.
 26159 | Gauntlet | Found a transporter.
 26160 | Gauntlet | Found a transporter.
 26163 | Gauntlet | Found a transporter.
 26167 | Gauntlet | Found a runed translucent door.
 26169 | Gauntlet | Found a runed translucent door.
 26169 | Gauntlet | Found a transporter.
 26171 | Gauntlet | Found a transporter.
 26172 | Gauntlet | Found a transporter.
 26174 | Gauntlet | Found a transporter.
 26180 | Gauntlet | Found a runed translucent gate.
 26182 | Gauntlet | Found a transporter.
 26182 | Gauntlet | Noticed a cacodemon
 26183 | Gauntlet | Found a runed translucent gate.
 26183 | Gauntlet | Found a transporter.
 26184 | Gauntlet | Found a runed translucent gate.
 26335 | Gauntlet | Learned a level 4 spell: Summon Lightning Spire
 26505 | Gauntlet | Identified the +3 cloak of Imeidel {Fly rCorr}
 26634 | Gauntlet | Killed a cacodemon
 26635 | Gauntlet | Reached XP level 14. HP: 86/86 MP: 5/30
 26820 | Gauntlet | Identified the +2 falchion of Harmony {venom, rN+ Dex+4}
 26820 | Gauntlet | Identified the +5 ice dragon scales of Indomitability {Harm
                  | rPois rF- rC++ Dex+3}
 27131 | Gauntlet | Learned a level 4 spell: Airstrike
 27864 | Lair:6   | Reached skill level 1 in Summonings
 27972 | Spider:1 | Entered Level 1 of the Spider Nest
 27972 | Spider:1 | Noticed a broodmother
 27987 | Lair:3   | Offered knowledge of Starburst by Vehumet.
 27993 | Lair:3   | Learned a level 4 spell: Olgreb's Toxic Radiance
 28279 | Spider:1 | Killed a broodmother
 28282 | Spider:1 | Reached skill level 13 in Dodging
 28998 | Spider:1 | Noticed Rupert
 29153 | Spider:1 | Killed Rupert
 29296 | Spider:1 | Noticed a ghost moth
 29648 | Spider:1 | Killed a ghost moth
 29649 | Spider:1 | Reached skill level 5 in Ice Magic
 30489 | Spider:1 | Found a runed translucent gate.
 30490 | Spider:1 | Found a runed translucent gate.
 30491 | Spider:1 | Found a runed translucent gate.
 30498 | Spider:1 | Noticed bchevrier's ghost (journeyman GnWn)
 30906 | Spider:1 | Upgraded the game from 0.29-a0-872-g797fff5ad1 to
                  | 0.29-a0-885-gb26ba3297d
 30906 | Spider:1 | Upgraded the game from 0.29-a0-885-gb26ba3297d to
                  | 0.29-a0-892-g2c4c91d9db
 30908 | Spider:2 | Upgraded the game from 0.29-a0-892-g2c4c91d9db to
                  | 0.29-a0-925-g0a7a3d12f8
 31682 | Spider:2 | Noticed a broodmother
 31693 | Spider:2 | Slain by a broodmother

Illustrated notes

Levels and vault maps discovered:
D:1:      spicycebolla_arrival_clurvy, layout_basic,
          ebering_ecumenical_altar_sacrificial, minmay_surrounded
D:2:      layout_basic, interstate_on_off, uniq_sigmund
D:3:      layout_basic, gammafunk_temple_overflow_pools, moated_statue
D:4:      layout_loops_ring, nzn_hepliaklqana_mist_gate
D:5:      layout_rooms, trog_butcher_becter, minmay_temple_entry_glass,
          minmay_misc_feat_columns, lemuel_another_geyser, uniq_blork_the_orc
D:6:      layout_rooms, grunt_temple_overflow_gold_and_silver,
          nicolae_kikubaaqudgha_miasma_corner, serial_rivers,
          chequers_serial_rivers_micro_a, chequers_serial_rivers_large_a,
          chequers_serial_rivers_micro_c, chequers_serial_rivers_micro_a,
          chequers_serial_rivers_micro_c
D:7:      layout_basic, mainiacjoe_overflow_cross_hatched, enter_bailey_5,
          dk_vineyard_2
D:8:      layout_loops_corners
D:9:      layout_rooms, tso_metal_star, xom_confusion_cloud, orc_0_dummy
D:10:     layout_basic, kennysheep_mini, fedhas_altar_fruit_tree,
          yredelemnul_altar_generic, nemelex_diamond_rough_becter,
          general_overflow_altar, serial_shops, shop
D:11:     layout_gridville, david_lair_generic, serial_demonic,
          serial_demonic_e, serial_demonic_e, serial_demonic_d,
          serial_demonic_e, serial_demonic_a
Temple:   hellmonk_temple_divided_pantheon
Lair:1:   layout_hall_layers, serial_bayou_pond_c
Lair:2:   layout_gridlike, minmay_stone_trees_small, uniq_amaemon
Lair:3:   layout_regular_city, minmay_swamp_entry_reptiles, spider_nest_entry_a
Lair:4:   layout_gridlike, serial_bayou_shore_b
Lair:5:   layout_loops_ring, minmay_slime_entry_pillars,
          chequers_serial_rivers_small_b, infiniplex_staircase_pool_2
Lair:6:   hangedman_lair_in_review, layout_misc_corridors,
          gauntlet_entry_generic, serial_bayou_shore_b
Spider:1: layout_spider_delve, gammafunk_ghost_tricky_traps, uniq_rupert
Spider:2: nicolae_spider_hall_of_the_moth_king,
          nicolae_spider_some_kinda_spiderbox
Orc:1:    layout_caves, basic_altar, uniq_erolcha

Skill      XL: |  1  2  3  4  5  6  7  8  9 10 11 12 13 14 |
---------------+-------------------------------------------+-----
Fighting       | 1 2 3 4 5 6 7 8 9 |  9.8
Stealth        | 3 4 5 6 7 8 |  8.0
Dodging        | 3 4 6 7 9 10 11 12 13 | 13.8
Hexes          | 1 2 3 5 |  5.6
Spellcasting   | 4 5 6 7 8 9 10 | 10.9
Conjurations   | 5 6 7 8 9 10 11 | 11.6
Poison Magic   | 2 3 4 5 6 7 |  7.7
Air Magic      | 2 3 4 5 6 7 8 |  8.9
Armour         | 2 3 4 |  4.7
Translocations | 2 3 4 5 |  5.0
Shields        | 1 |  1.0
Fire Magic     | 2 3 5 |  5.0
Ice Magic      | 3 4 5 |  5.3
Earth Magic    | 2 4 |  4.3
Evocations     | 3 4 |  4.3
Summonings     | 2 |  2.9

Action                   |  1- 3 |  4- 6 |  7- 9 | 10-12 | 13-15 || total
-------------------------+-------+-------+-------+-------+-------++-------
Melee: Staff             |       |     2 |     1 |    11 |       ||    14
       Quarterstaff      |       |       |       |    15 |     5 ||    20
       Spear             |       |       |       |       |     1 ||     1
 Cast: Magic Dart        |    55 |    79 |    83 |    60 |     8 ||   285
       Searing Ray       |       |    16 |    43 |    53 |    20 ||   132
       Poisonous Vapours |       |       |    60 |   225 |   152 ||   437
       Iskenderun's Myst |       |       |     5 |    66 |    28 ||    99
       Olgreb's Toxic Ra |       |       |       |    49 |    28 ||    77
       Conjure Flame     |       |       |       |    14 |     4 ||    18
       Freezing Cloud    |       |       |       |    12 |    45 ||    57
       Iron Shot         |       |       |       |       |    69 ||    69
       Summon Lightning  |       |       |       |       |     4 ||     4
       Airstrike         |       |       |       |       |     4 ||     4
Evoke: Wand              |       |     1 |     7 |     4 |    13 ||    25
       Phantom mirror    |       |       |       |       |     1 ||     1
  Use: Scroll            |       |       |     9 |    12 |    17 ||    38
       Potion            |       |       |       |     5 |    10 ||    15
Armor: Robe              |       |     4 |     7 |       |       ||    11
       Steam dragon scal |       |       |     3 |    59 |    91 ||   153
Dodge: Dodged            |     1 |    22 |    59 |   251 |   217 ||   550

Table legend: (Time is in decaauts)
 A = Elapsed time spent in this place.
 B = Non-inter-level travel time spent in this place.
 C = Inter-level travel time spent in this place.
 D = Time resting spent in this place.
 E = Time spent auto-exploring this place.
 F = Levels seen in this place.
 G = Mean time per level.
                   A        B        C        D        E       F      G
               +--------+--------+--------+--------+--------+-----+--------+
         Total |  31753 |  28553 |   3200 |  10824 |  12439 |  22 | 1443.3 |
       Dungeon |  17622 |  15605 |   2017 |   4871 |   7957 |  11 | 1602.0 |
        Temple |     37 |     28 |      9 |      0 |      7 |   1 |   37.0 |
          Lair |  10856 |   9846 |   1010 |   4581 |   3472 |   6 | 1809.3 |
   Spider Nest |   2126 |   1962 |    164 |    823 |    783 |   2 | 1063.0 |
  Orcish Mines |     16 |     16 |      0 |      0 |      0 |   1 |   16.0 |
      Gauntlet |   1093 |   1093 |      0 |    549 |    220 |   1 | 1093.0 |
               +--------+--------+--------+--------+--------+-----+--------+

Top non-repeatable levels by time:
    D:10: 3404 daAuts
  Lair:3: 2919 daAuts
     D:8: 2068 daAuts
     D:9: 2054 daAuts
Spider:1: 2042 daAuts
  Lair:4: 1999 daAuts
  Lair:5: 1811 daAuts
  Lair:1: 1775 daAuts
     D:5: 1659 daAuts
     D:7: 1612 daAuts
  Lair:2: 1544 daAuts
     D:4: 1401 daAuts
     D:6: 1245 daAuts
     D:3: 1143 daAuts
    D:11: 1118 daAuts
